 Dungeon Crawl Stone Soup version 0.17-a0-1435-geafbe2f (webtiles) character file.

456984 nubinia the Crack Shot (level 23, -8/159 HPs)
             Began as a High Elf Air Elementalist on June 17, 2015.
             Was the Champion of Sif Muna.
             Mangled by a vampire knight
             ... wielding a cursed +0 bardiche
              (20 damage)
             ... on level 2 of the Depths on June 26, 2015.
             The game lasted 15:51:29 (81688 turns).

nubinia the Crack Shot (High Elf Air Elementalist) Turns: 81688, Time: 15:51:30

Health: -8/159     AC: 18    Str:  7    XL:     23   Next: 29%
Magic:  29/49      EV: 28    Int: 28    God:    Sif Muna [******]
Gold:   3652       SH:  0    Dex: 24    Spells: 17 memorised, 2 levels left

rFire  . . .     SeeInvis +     b - +6 longbow (evade)
rCold  + . .     Clarity  .     A - +2 leather armour of Love and Death {Regen+ SInv}
rNeg   + + .     SustAt   .     (no shield)
rPois  .         Gourm    .     G - +0 helmet of the Exiled Orbs {MR+ Regen+}
rElec  .         Spirit   .     R - +0 cloak
rCorr  .         Warding  +     D - +2 pair of gloves {Dex+3}
rMut   .         Stasis   .     S - +2 pair of boots {run}
MR     +++..                    o - macabre finger necklace {Ward rN+}
Stlth  ++++......               p - +3 ring of protection
                                Q - ring of Brilliance {rC+ rN+}
                                y - +5 ring of slaying

@: swift, regenerating (expiring), very quick, extremely resistant to hostile
enchantments, stealthy
A: slimy green scales 1, clever 1, slow healing 1
a: Channel Energy, Forget Spell, Renounce Religion
}: 2/15 runes: serpentine, barnacled


You were on level 2 of the Depths.
You worshipped Sif Muna.
Sif Muna was exalted by your worship.
You were not hungry.

You visited 9 branches of the dungeon, and saw 45 of its levels.
You also visited: Labyrinth, Sewer and Wizlab.

You collected 5292 gold pieces.
You spent 1640 gold pieces at shops.

Inventory:

Hand weapons
 a - the +7 shortbow of the Owl {venom, MP+9}
   (You found it on level 3 of the Elven Halls)

   It poisons the ammo it fires.
   It affects your magic capacity (+9).
 b - a +6 longbow of evasion (weapon)
 j - the +4 glaive "Tudghalu" {pain, rPois}
   (You bought it in a shop on level 4 of the Orcish Mines)

   In the hands of one skilled in necromantic magic, it inflicts extra damage on
   living creatures.
   It protects you from poison.
 B - a +0 blowgun
Missiles
 l - 43 arrows of frost
 q - 642 arrows (quivered)
 x - 14 curare-tipped needles
 z - 66 poisoned arrows
 N - 25 arrows of flame
Armour
 A - the +2 leather armour of Love and Death (worn) {Regen+ SInv}
   (You found it on level 12 of the Dungeon)

   It lets you see invisible.
   It increases your rate of regeneration.
 D - a +2 pair of gloves of dexterity (worn)
 G - the +0 helmet of the Exiled Orbs (worn) {MR+ Regen+}
   (You found it on level 1 of the Vaults)

   It affects your resistance to hostile enchantments.
   It increases your rate of regeneration.
 R - a +0 cloak (worn)
 S - a +2 pair of boots of running (worn)
Jewellery
 o - the macabre finger necklace (around neck) {Ward rN+}
   (You took it off a deep elf annihilator on level 3 of the Elven Halls)

   [amulet of warding]

   It may prevent the melee attacks of summoned creatures.
   It protects you from negative energy.
 p - a +3 ring of protection (right hand)
 y - a +5 ring of slaying (on amulet)
 Q - the ring of Brilliance (left hand) {rC+ rN+}
   (You took it off a deep elf annihilator on level 3 of the Elven Halls)

   [ring of positive energy]

   It protects you from cold.
   It protects you from negative energy.
 Y - an uncursed ring of protection from fire
Magical devices
 w - a wand of fire (8)
 T - a wand of disintegration (9)
 W - a wand of digging (8)
 X - a wand of teleportation (3)
Scrolls
 c - 3 scrolls of blinking
 i - 6 scrolls of teleportation
 m - a scroll of enchant armour
 n - 25 scrolls of remove curse
 r - a scroll of recharging
 s - 4 scrolls of magic mapping
 t - 6 scrolls of identify
 Z - a scroll of fear
Potions
 d - 3 potions of invisibility
 g - 14 potions of curing
 u - 7 potions of heal wounds
 H - a potion of haste
 I - 3 potions of magic
 J - 4 potions of brilliance
 K - a potion of flight
 P - 2 potions of might
 V - 3 potions of berserk rage
Miscellaneous
 e - a phantom mirror
 f - a fan of gales
 E - a phial of floods
 F - a phial of floods
 O - a fan of gales
Comestibles
 h - 2 chunks of flesh
 C - 10 meat rations


   Skills:
 + Level 13.8 Fighting
   Level 1.2 Long Blades
   Level 1.1 Maces & Flails
 - Level 2.7 Polearms
 + Level 23.6 Bows
 + Level 3.4 Throwing
 + Level 1.9 Armour
 + Level 11.7 Dodging
 + Level 8.5 Stealth
   Level 2.3 Shields
 * Level 21.0 Spellcasting
 + Level 17.0 Conjurations
   Level 3.1 Hexes
 + Level 9.0 Charms
 + Level 3.6 Summonings
 + Level 3.3 Necromancy
 * Level 13.0 Translocations
 * Level 18.0 Air Magic
 + Level 0.1 Poison Magic
 - Level 6.0 Invocations
 + Level 1.7 Evocations


You had 2 spell levels left.
You knew the following spells:

 Your Spells              Type           Power        Failure   Level  Hunger
a - Recall                Summ/Tloc      N/A          1%          3    None
b - Bolt of Draining      Conj/Necr      ######....   1%          5    None
c - Mephitic Cloud        Conj/Pois/Air  #######.     1%          3    None
d - Lightning Bolt        Conj/Air       #######...   1%          5    None
e - Iskenderun's Mystic   Conj           #######.     1%          4    None
f - Force Lance           Conj/Tloc      #######.     1%          4    None
g - Shroud of Golubria    Chrm/Tloc      ######....   1%          2    None
h - Dispersal             Tloc           #######...   1%          6    None
i - Summon Lightning Spi  Summ/Air       ######..     1%          4    None
j - Deflect Missiles      Chrm/Air       #######...   1%          6    None
k - Swiftness             Chrm/Air       #######.     0%          2    None
l - Apportation           Tloc           #######...   0%          1    None
m - Portal Projectile     Tloc           ######       1%          3    None
n - Summon Forest         Summ/Tloc      ######....   1%          5    None
p - Phase Shift           Tloc           #######...   1%          5    None
R - Regeneration          Chrm/Necr      ######....   1%          3    None
S - Animate Skeleton      Necr           N/A          1%          1    None


Dungeon Overview and Level Annotations

Branches:
Dungeon (15/15)            Temple (1/1) D:7            Lair (8/8) D:11
 Shoals (4/4) Lair:6        Snake (4/4) Lair:4        Slime (0/6) Lair:6
    Orc (4/4) D:10            Elf (3/3) Orc:3        Vaults (4/5) D:14
  Crypt (0/3) Vaults:2     Depths (2/5) D:15

Altars:
Ashenzari
Cheibriados
Dithmenos
Elyvilon
Fedhas
Gozag
Kikubaaqudgha
Makhleb
Nemelex Xobeh
Okawaru
Qazlal
Ru
Sif Muna
Trog
Vehumet
Xom
Yredelemnul
Zin
The Shining One
Beogh

Shops:
D:4 [(   Orc:4 (%%=%   Elf:2 *   Shoals:1 (   Snake:4 !   Vaults:2 *
Vaults:3 =[[%:

Portals:
Hell: Lair:8 Depths:1 Depths:2
Abyss: Depths:1
Pandemonium: Depths:1 Depths:2
Ziggurat: Depths:2

Annotations:
Shoals:3 Polyphemus
Elf:2 3 runed doors


Innate Abilities, Weirdness & Mutations

You are partially covered in slimy green scales (AC +2).
Your mind is acute. (Int +2)
You heal slowly when monsters are visible.


Message History

You see here a fire dragon hide.
The storm dragon breathes lightning at you.
The bolt of lightning misses you.
There is a huge open gate here.
You see here a giant club.
The vampire knight completely misses you.
Casting: Bolt of Draining
Confirm with . or Enter, or press ? or * to list all spells.
You feel quick.
The vampire knight completely misses you.
The vampire knight blinks!
The storm dragon breathes lightning at you.
The bolt of lightning hits you!
* * * LOW HITPOINT WARNING * * *
The vampire knight hits you with a bardiche!!
* * * LOW HITPOINT WARNING * * *
The vampire knight misses you.
Your skin is crawling a little less now.
The vampire knight hits you from afar with a bardiche!!
You die...

#..#.#....#
#....#....#
#....#....#
#....#.⌠..#
##''##....#
##''##Z..<#
#....#.8..#
#....#....#
#V.@.#....#
#..#.#....#
##.##.#....#
#..8.##....#
##.[#.#.)..##
#.§##.##').#
##....##.'###
###
#.....#....#
..#
##....##....#


You could see a vampire knight (invisible).

Vanquished Creatures
  Norris (Snake:4)
  Vashnia (Snake:4)
  4 caustic shrikes (Depths:2)
  Jory (Vaults:4)
  A tentacled monstrosity (Depths:2)
  A deep elf master archer (Elf:3)
  3 deep elf blademasters
  A kraken (Shoals:3)
  3 sphinxes
  Frances (Snake:2)
  A shadow dragon (Depths:2)
  7 greater nagas
  Roxanne (Shoals:1)
  A tengu reaver (Depths:2)
  Wiglaf (Vaults:1)
  6 fire giants
  Donald (Elf:2)
  Maud (Orc:4)
  4 deep elf sorcerers
  Aizul (Shoals:2)
  10 vault wardens
  2 frost giants (Depths:2)
  4 very ugly things
  8 ironheart preservers
  A spriggan defender (Depths:2)
  6 stone giants
  4 deep elf demonologists
  Nessos (D:15)
  9 deep elf annihilators
  A dire elephant (Lair:8)
  5 merfolk javelineers
  6 deep elf death magi
  4 vault guards
  A minotaur (Lab)
  6 merfolk impalers
  4 fire dragons
  4 great orbs of eyes
  7 ettins
  4 yaktaur captains
  5 deep elf high priests (Elf:3)
  A minotaur (shapeshifter) (Elf:2)
  Harold (D:11)
  6 naga warriors
  2 spriggan air magi (Depths:2)
  17 anacondas
  2 rakshasas
  An entropy weaver (Vaults:4)
  13 hydras
  8 centaur warriors
  3 merfolk avatars
  4 merfolk aquamancers
  A catoblepas (Shoals:3)
  18 dancing weapons (Elf:2)
  A salamander stormcaller (Vaults:1)
  2 tengu warriors (Depths:2)
  3 alligator snapping turtles
  2 deep troll earth magi
  11 ogre magi
  2 deep troll shamans (Depths:2)
  A queen ant (Lair:6)
  A satyr (Shoals:4)
  9 death yaks
  A sun demon (Lair:8)
  15 naga sharpshooters
  A vampire mage (Depths:2)
  Urug (D:13)
  A spriggan (Depths:2)
  An orc high priest (Elf:2)
  Sonja (D:12)
  5 salamander mystics
  10 shock serpents
  18 deep elf knights
  2 fire crabs
  3 wizards
  10 skeletal warriors
  5 sea snakes
  2 shadow wraiths
  A flayed ghost (Vaults:4)
  3 giant orange brains
  A giant orange brain (shapeshifter) (D:15)
  2 unseen horrors
  11 deep elf summoners
  9 deep trolls
  8 naga ritualists
  11 orc knights
  8 ironbrand convokers
  A lindwurm (shapeshifter) (Vaults:2)
  Pikel (D:7)
  6 hill giants
  3 wolf spiders
  9 harpies
  10 orc sorcerers
  7 cyclopes
  16 deep elf conjurers
  3 necromancers
  31 ugly things
  6 manticores
  37 black mambas
  7 mana vipers
  7 fauns
  11 guardian serpents
  5 elephants (Lair:7)
  19 salamanders
  7 water nymphs
  2 frost giant skeletons (Vaults:2)
  A sixfirhy (Lair:8)
  5 sirens
  A hornet (Vaults:4)
  Maurice (D:9)
  12 griffons
  20 naga magi
  Joseph (D:7)
  23 spiny frogs
  3 stone giant skeletons (Vaults:2)
  A torpor snail (Lair:6)
  A smoke demon (Lair:8)
  An orange demon (Lair:8)
  Psyche (D:11)
  12 vault sentinels
  2 gargoyles
  An orc skeleton (Vaults:2)
  A komodo dragon (shapeshifter) (Vaults:1)
  A fire drake (shapeshifter) (Vaults:1)
  2 human zombies
  32 yaktaurs
  5 kobold demonologists
  3 red devils (Lair:8)
  2 yaktaur skeletons (Vaults:2)
  2 blue devils (Lair:8)
  A polar bear (shapeshifter) (Vaults:1)
  A queen bee (shapeshifter) (Vaults:1)
  5 fire drakes
  2 freezing wraiths
  15 merfolk
  7 trolls
  A two-headed ogre (shapeshifter) (D:14)
  13 komodo dragons
  3 deep elf priests
  17 two-headed ogres
  3 wind drakes
  A wind drake (shapeshifter) (Vaults:1)
  Prince Ribbit (D:8)
  14 blink frogs
  A troll (shapeshifter) (D:13)
  A raiju (shapeshifter) (Depths:1)
  22 deep elf magi
  6 snapping turtles
  A boulder beetle (Lair:8)
  13 slime creatures
  An ettin skeleton (Vaults:3)
  2 wraiths
  4 ice beasts
  6 water elementals
  Sigmund (D:2)
  4 shadows
  5 redbacks
  A tarantella (shapeshifter) (Vaults:3)
  2 wyverns
  A human (D:7)
  A fire bat (shapeshifter) (Depths:2)
  Eustachio (D:6)
  4 air elementals
  7 basilisks
  58 yaks
  13 hippogriffs
  6 vampire mosquitoes
  2 hungry ghosts
  34 deep elf fighters
  19 wolves
  Menkaure (D:7)
  12 soldier ants (Lair:6)
  9 wargs
  Edmund (D:6)
  A soldier ant (shapeshifter) (D:15)
  2 hell hounds (Lair:8)
  54 nagas
  3 mottled dragons
  21 porcupines
  A deep troll skeleton (Vaults:2)
  30 water moccasins
  An eye of draining (D:10)
  A necrophage (D:9)
  4 wasps
  A wasp (shapeshifter) (Vaults:4)
  2 black bears
  26 orc warriors
  3 slaves (D:7)
  4 sky beasts
  43 ogres
  8 phantoms
  An eye of draining (shapeshifter) (Vaults:1)
  An ogre (shapeshifter) (Elf:2)
  9 boggarts
  8 big kobolds
  14 centaurs
  8 human skeletons
  20 giant frogs
  23 crocodiles
  2 gnoll sergeants
  9 scorpions
  The ghost of Umineko the Grasshopper, a weakling DrWr of Nemelex Xobeh (Sewer)
  17 killer bees
  An electric eel (D:13)
  6 crimson imps
  A human simulacrum (Vaults:2)
  A wight (D:15)
  5 centaur zombies
  4 jellies
  3 giant frog zombies
  A quasit (D:8)
  A centaur skeleton (D:4)
  51 orc wizards
  9 hounds
  3 giant frog skeletons
  3 small abominations (WizLab)
  10 iguanas
  26 orc priests
  44 worker ants
  32 sheep
  6 ogre zombies (D:10)
  2 hound skeletons (D:11)
  112 river rats
  4 shadow imps
  11 adders
  12 gnolls
  2 oozes
  An ufetubus (Depths:1)
  An ooze (shapeshifter) (Elf:2)
  2 worms
  2 adder skeletons
  8 giant geckos
  204 orcs
  8 ball pythons
  17 bats
  2 bat skeletons
  A bat zombie (D:6)
  6 giant cockroaches
  18 hobgoblins
  27 jackals
  6 quokkas
  A giant gecko skeleton (D:7)
  12 giant newts
  27 goblins
  A goblin skeleton (D:10)
  3 goblin zombies (D:10)
  2 hobgoblin zombies (D:10)
  46 kobolds
  13 orc zombies (D:10)
  24 rats
  4 crawling corpses (Elf:3)
  5 fungi
  7 plants
2133 creatures vanquished.

Vanquished Creatures (collateral kills)
  Saint Roka (Elf:2)
  A caustic shrike (Depths:2)
  A golden dragon (Depths:1)
  Jorgrun (Vaults:4)
  Rupert (D:15)
  A sphinx (shapeshifter) (Vaults:2)
  5 greater nagas (Snake:4)
  A tengu reaver (Depths:2)
  A frost giant (D:13)
  Ilsuiw (Shoals:4)
  2 deep elf sorcerers
  A fire giant (Vaults:4)
  2 vault wardens (Vaults:1)
  3 ironheart preservers
  3 stone giants (Depths:2)
  5 slime creatures
  3 deep elf demonologists
  3 deep elf annihilators
  3 merfolk javelineers (Shoals:4)
  2 vault guards (Vaults:4)
  A deep elf death mage (Vaults:3)
  2 ettins
  6 merfolk impalers
  2 fire dragons
  A hydra (D:14)
  3 naga warriors (Snake:4)
  2 yaktaur captains
  A great orb of eyes (Vaults:2)
  2 ice dragons
  2 spriggan air magi (Depths:2)
  3 rakshasas
  A merfolk aquamancer (Shoals:4)
  An alligator snapping turtle (Shoals:4)
  A centaur warrior (Vaults:2)
  4 anacondas (Snake:4)
  A death yak (Shoals:3)
  A merfolk avatar (Shoals:4)
  2 deep troll earth magi
  2 ogre magi (Vaults:3)
  4 naga sharpshooters (Snake:4)
  6 deep elf knights
  A shock serpent (Snake:4)
  2 skeletal warriors
  A salamander mystic (Snake:4)
  3 sea snakes
  7 deep trolls
  2 giant orange brains (Vaults:2)
  8 ironbrand convokers
  A shadow dragon zombie (Vaults:3)
  A deep elf summoner (Vaults:3)
  A hill giant (D:12)
  4 naga ritualists (Snake:4)
  A wolf spider (Vaults:3)
  A stone giant zombie (Vaults:3)
  4 harpies
  5 griffons
  An elephant (shapeshifter) (Depths:2)
  A human zombie (Vaults:3)
  6 orc knights
  4 water nymphs
  A salamander (Snake:4)
  A manticore (D:14)
  8 ugly things
  3 guardian serpents (Snake:4)
  4 fauns (Shoals:1)
  A hornet (Vaults:3)
  5 sirens
  2 cyclopes (D:14)
  A guardian serpent (shapeshifter) (D:13)
  6 naga magi (Snake:4)
  A vault sentinel (Vaults:2)
  2 black mambas (Snake:4)
  A komodo dragon (D:15)
  10 yaktaurs
  A kobold demonologist (D:14)
  4 deep elf priests
  18 merfolk
  2 freezing wraiths (Vaults:3)
  4 wind drakes
  3 air elementals (Depths:2)
  A boulder beetle (Vaults:4)
  A jumping spider (Vaults:3)
  A frost giant simulacrum (Vaults:2)
  An ettin zombie (Vaults:3)
  2 snapping turtles (Shoals:4)
  6 two-headed ogres
  5 redbacks
  A trapdoor spider (D:14)
  An ettin skeleton (Vaults:2)
  A tarantella (Vaults:4)
  A spriggan (shapeshifter) (D:14)
  A spriggan (Depths:2)
  A water elemental (Shoals:3)
  3 yaks (Lair:8)
  A wraith (D:15)
  3 deep elf magi
  7 deep elf fighters
  2 wargs
  A vampire mosquito (Vaults:1)
  4 nagas (Snake:4)
  3 water moccasins
  7 orc warriors
  An ice beast (D:13)
  7 ogres
  2 big kobolds
  2 wights (D:15)
  2 crimson imps
  3 orc priests
  2 orc wizards (D:14)
  2 sheep (D:14)
  A river rat (Lair:8)
  14 orcs
  3 kobolds
  A crawling corpse (Elf:3)
  4 plants
319 creatures vanquished.

Vanquished Creatures (others)
  A great orb of eyes (Vaults:2)
  A naga warrior (Snake:4)
  A death yak (Shoals:3)
  A shadow wraith (Vaults:3)
  A necromancer (Vaults:2)
  A merfolk (Shoals:4)
  A deep elf mage (Elf:1)
  A slime creature (Vaults:2)
  An air elemental (Depths:2)
  2 tarantellas (Vaults:4)
  A deep elf fighter (Elf:1)
  A slave (D:7)
  A sky beast (D:5)
  A crocodile (Lair:8)
  An orc wizard (Vaults:3)
  4 kobolds (Vaults:2)
  24 fungi
  18 plants
  22 tentacles
  58 tentacle segments
142 creatures vanquished.

Grand Total: 2594 creatures vanquished

Notes
Turn   | Place    | Note
--------------------------------------------------------------
     0 | D:1      | nubinia the High Elf Air Elementalist began the quest for the Orb.
     0 | D:1      | Reached XP level 1. HP: 11/11 MP: 4/4
   397 | D:1      | Reached XP level 2. HP: 17/17 MP: 4/6
   437 | D:1      | Reached skill level 4 in Air Magic
   801 | D:1      | Reached XP level 3. HP: 21/21 MP: 1/8
   805 | D:1      | Learned a level 2 spell: Repel Missiles
   808 | D:1      | Learned a level 2 spell: Swiftness
  1333 | D:1      | Reached XP level 4. HP: 27/27 MP: 7/9
  1860 | D:2      | Noticed Sigmund
  1969 | D:2      | Found a shimmering altar of Xom.
  2671 | D:3      | Noticed a phantom
  2774 | D:2      | Learned a level 3 spell: Static Discharge
  3171 | D:3      | Reached skill level 5 in Air Magic
  3176 | D:3      | Reached XP level 5. HP: 22/31 MP: 8/11
  3965 | D:4      | Noticed a phantom
  3987 | D:4      | Killed a phantom
  4116 | D:4      | Reached XP level 6. HP: 34/37 MP: 5/13
  4312 | D:4      | Found Tannam's Antique Armour Emporium.
  4320 | D:4      | Bought an embroidered robe for 23 gold pieces
  4429 | D:4      | Reached skill level 1 in Fighting
  4526 | D:4      | Reached skill level 1 in Long Blades
  4563 | D:4      | Found Esuose's Antique Weapon Emporium.
  4837 | D:5      | Entered Level 5 of the Dungeon
  5071 | D:5      | Reached XP level 7. HP: 43/43 MP: 11/15
  5307 | D:5      | Reached skill level 5 in Spellcasting
  5412 | D:4      | Reached skill level 6 in Air Magic
  6082 | D:5      | Reached XP level 8. HP: 46/48 MP: 11/17
  6230 | D:5      | Reached skill level 7 in Air Magic
  6602 | D:5      | Reached skill level 5 in Conjurations
  6769 | D:6      | Noticed Edmund
  6796 | D:6      | Found a glowing drain.
  6811 | Sewer    | Entered a sewer
  6872 | Sewer    | Learned a level 5 spell: Lightning Bolt
  6947 | Sewer    | Reached skill level 1 in Throwing
  7407 | Sewer    | Noticed Umineko's ghost (weakling DrWr)
  7424 | Sewer    | Killed Umineko's ghost
  7638 | D:6      | Killed Edmund
  7998 | D:6      | Noticed Eustachio
  8495 | D:6      | Reached skill level 8 in Air Magic
  8577 | D:6      | Reached XP level 9. HP: 54/54 MP: 14/20
  9465 | D:6      | Killed Eustachio
  9465 | D:6      | Reached skill level 5 in Dodging
  9499 | D:7      | Noticed Prince Ribbit
  9784 | D:7      | Reached skill level 1 in Maces & Flails
  9996 | D:7      | Noticed Pikel
 10016 | D:7      | Killed Pikel
 10135 | D:7      | Found a staircase to the Ecumenical Temple.
 10138 | D:7      | Noticed Joseph
 10149 | Temple   | Entered the Ecumenical Temple
 10236 | Temple   | Became a worshipper of Sif Muna the Loreminder
 10287 | D:7      | Killed Joseph
 10287 | D:7      | Reached skill level 1 in Charms
 10560 | D:7      | Noticed Menkaure
 10563 | D:7      | Killed Menkaure
 10736 | D:7      | Acquired Sif Muna's first power
 10736 | D:7      | Reached skill level 9 in Air Magic
 10748 | D:7      | Reached XP level 10. HP: 51/60 MP: 9/23
 10860 | D:7      | Got a brightly glowing trident
 10861 | D:7      | Identified the +7 trident of Chance {pierce, MP+9 Int+6} (You found it on level 7 of the Dungeon)
 11317 | D:8      | Found an iron altar of Okawaru.
 11408 | D:8      | Killed Prince Ribbit
 11408 | D:8      | Reached skill level 1 in Invocations
 11471 | D:8      | Found a radiant altar of Vehumet.
 11990 | D:8      | Acquired Sif Muna's second power
 12462 | D:9      | Found a burning altar of Makhleb.
 12469 | D:9      | Noticed an Executioner
 12732 | D:9      | Noticed Maurice
 12742 | D:9      | Killed Maurice
 12953 | D:9      | Reached skill level 10 in Air Magic
 12993 | D:10     | Entered Level 10 of the Dungeon
 13480 | D:10     | Reached skill level 10 in Spellcasting
 13803 | D:10     | Found a staircase to the Orcish Mines.
 13846 | D:10     | Found a stormy altar of Qazlal.
 14143 | D:10     | Reached XP level 11. HP: 59/64 MP: 25/26
 14898 | Orc:1    | Entered Level 1 of the Orcish Mines
 15461 | Orc:2    | Found a roughly hewn altar of Beogh.
 15564 | Orc:2    | Reached skill level 5 in Charms
 15674 | Orc:2    | Acquired Sif Muna's third power
 16863 | D:10     | Reached skill level 11 in Air Magic
 17367 | D:4      | Bought a glowing helmet for 148 gold pieces
 17477 | D:2      | Killed Sigmund
 17809 | D:11     | Noticed Harold
 17827 | D:11     | Killed Harold
 17852 | D:11     | Noticed a hill giant
 17900 | D:11     | Killed a hill giant
 18115 | D:11     | Noticed Psyche
 18125 | D:11     | Killed Psyche
 18321 | D:11     | Found a staircase to the Lair.
 18853 | Lair:1   | Entered Level 1 of the Lair of Beasts
 19116 | Lair:1   | Reached skill level 10 in Conjurations
 19206 | Lair:1   | Reached XP level 12. HP: 33/70 MP: 13/28
 19555 | Lair:1   | Noticed a five-headed hydra
 19559 | Lair:1   | Killed a five-headed hydra
 19825 | Lair:1   | Reached skill level 12 in Air Magic
 20211 | Lair:1   | Received a gift from Sif Muna
 20272 | Lair:1   | Found an opulent altar of Gozag.
 20359 | Lair:1   | Got a brightly glowing long sword
 20360 | Lair:1   | Identified the cursed +0 long sword "Lucko" {slice, Dex+2 SInv} (You found it on level 1 of the Lair of Beasts)
 22413 | Lair:2   | Reached skill level 1 in Shields
 22760 | Lair:3   | Reached skill level 1 in Polearms
 23464 | Lair:3   | Reached XP level 13. HP: 75/75 MP: 30/30
 23566 | Lair:3   | Received a gift from Sif Muna
 23567 | Lair:3   | Identified Nannil's Volume of Attacks (Sif Muna gifted it to you on level 3 of the Lair of Beasts)
 23572 | Lair:3   | Reached skill level 13 in Air Magic
 23732 | Lair:3   | Learned a level 4 spell: Iskenderun's Mystic Blast
 23737 | Lair:3   | Learned a level 4 spell: Force Lance
 24176 | Lair:4   | Reached skill level 1 in Translocations
 24293 | Lair:4   | Found a staircase to the Snake Pit.
 24525 | Lair:4   | Learned a level 1 spell: Apportation
 24623 | Lair:4   | Reached skill level 5 in Invocations
 27258 | Lair:6   | Received a gift from Sif Muna
 27259 | Lair:6   | Identified Mucaqapp's Guide on Attacks and Ignition (Sif Muna gifted it to you on level 6 of the Lair of Beasts)
 27264 | Lair:6   | Learned a level 3 spell: Dazzling Spray
 28824 | Lair:6   | Reached XP level 14. HP: 81/81 MP: 32/32
 29128 | Lair:6   | Found a staircase to the Shoals.
 29306 | Lair:6   | Reached skill level 14 in Air Magic
 29339 | Lair:6   | Found a staircase to the Slime Pits.
 31033 | Lair:6   | Gained mutation: You are partially covered in slimy green scales (AC +2). [potion of mutation]
 31033 | Lair:6   | Gained mutation: Your spells are a little easier to cast, but a little less powerful. [potion of mutation]
 31033 | Lair:6   | Gained mutation: You heal slowly when monsters are visible. [potion of mutation]
 31357 | Lair:7   | Received a gift from Sif Muna
 31364 | Lair:7   | Learned a level 4 spell: Summon Lightning Spire
 31816 | Lair:8   | Entered Level 8 of the Lair of Beasts
 32413 | Lair:8   | Gained mutation: You can spit weak poison. [potion of mutation]
 32413 | Lair:8   | Gained mutation: You are mostly covered in slimy green scales (AC +3). [potion of mutation]
 32413 | Lair:8   | Gained mutation: You tend to lose your temper in combat. [potion of mutation]
 32420 | Lair:8   | Reached skill level 5 in Translocations
 33747 | Lair:8   | Found a burning altar of Makhleb.
 35274 | Lair:8   | Found a gateway to Hell.
 35485 | Lair:1   | Lost mutation: You can spit weak poison. [potion of cure mutation]
 35485 | Lair:1   | Lost mutation: You are mostly covered in slimy green scales (AC +3). [potion of cure mutation]
 35485 | Lair:1   | Lost mutation: Your spells are a little easier to cast, but a little less powerful. [potion of cure mutation]
 35485 | Lair:1   | Lost mutation: You tend to lose your temper in combat. [potion of cure mutation]
 35659 | D:11     | Noticed a seven-headed hydra
 35665 | D:11     | Killed a seven-headed hydra
 35931 | D:11     | Reached skill level 15 in Spellcasting
 35931 | D:11     | Reached XP level 15. HP: 80/88 MP: 35/35
 36161 | D:11     | Learned a level 5 spell: Phase Shift
 36197 | D:11     | Received a gift from Sif Muna
 36198 | D:11     | Identified Sif Muna's Further Steps in Spellweaving (Sif Muna gifted it to you on level 11 of the Dungeon)
 36367 | Orc:4    | Entered Level 4 of the Orcish Mines
 36511 | Orc:4    | Found Denler's Food Shop.
 36714 | Orc:4    | Paralysed by an orc sorcerer for 5 turns
 36736 | Orc:3    | Found a staircase to the Elven Halls.
 37363 | Orc:3    | Found a roughly hewn altar of Beogh.
 37659 | Orc:4    | Reached skill level 15 in Air Magic
 37843 | Orc:4    | Noticed Maud
 37847 | Orc:4    | Killed Maud
 38486 | Orc:4    | Found Gery's Antique Weapon Shop.
 38486 | Orc:4    | Found Ujoxt's Food Shoppe.
 38492 | Orc:4    | Bought a translucent rapier for 216 gold pieces
 38492 | Orc:4    | Identified the +4 rapier "Wotwy" {flame, Int+4} (You bought it in a shop on level 4 of the Orcish Mines)
 38557 | Orc:4    | Paralysed by an orc sorcerer for 7 turns
 38842 | Orc:4    | Found a roughly hewn altar of Beogh.
 38851 | Orc:4    | Found Exacesu's Food Shop.
 38851 | Orc:4    | Found Jogigeg's Jewellery Shoppe.
 38865 | Orc:4    | Bought an uncursed amulet of warding for 210 gold pieces
 38941 | Orc:4    | Upgraded the game from 0.17-a0-1397-g0eee0a3 to 0.17-a0-1399-gd5b76e1
 39137 | Lair:1   | Learned a level 6 spell: Deflect Missiles
 39145 | Lair:1   | Learned a level 5 spell: Bolt of Draining
 39289 | Elf:1    | Entered Level 1 of the Elven Halls
 39414 | Elf:1    | Found a magical portal.
 39417 | WizLab   | Entered Cigotuvi's Fleshworks
 40131 | Elf:1    | Reached skill level 1 in Hexes
 40369 | Elf:1    | Reached skill level 1 in Bows
 40657 | Elf:2    | Noticed Donald
 40961 | Elf:2    | Killed Donald
 41041 | Elf:2    | Reached skill level 5 in Stealth
 41514 | Elf:2    | Reached skill level 5 in Bows
 41609 | Elf:2    | Upgraded the game from 0.17-a0-1399-gd5b76e1 to 0.17-a0-1403-g9df874c
 41711 | Elf:2    | Found Doramoc's General Store.
 41958 | Elf:2    | Found a runed gate.
 41958 | Elf:2    | Found a runed gate.
 41959 | Elf:2    | Found a runed gate.
 42451 | Snake:1  | Entered Level 1 of the Snake Pit
 42466 | Lair:4   | Received a gift from Sif Muna
 42467 | Lair:4   | Identified Dudwas's Tome of Damage Dealing (Sif Muna gifted it to you on level 4 of the Lair of Beasts)
 42931 | Snake:1  | Reached XP level 16. HP: 95/95 MP: 31/36
 44168 | Lair:4   | Learned a level 3 spell: Mephitic Cloud
 44639 | Snake:1  | Upgraded the game from 0.17-a0-1403-g9df874c to 0.17-a0-1409-ge6d9485
 44875 | Snake:2  | Reached skill level 16 in Spellcasting
 45840 | Snake:2  | Reached skill level 10 in Dodging
 46854 | Snake:2  | Noticed Frances
 46920 | Snake:2  | Killed Frances
 47713 | Snake:3  | Reached skill level 10 in Bows
 47831 | Snake:3  | Learned a level 3 spell: Regeneration
 49011 | Snake:3  | Got a scorched ring mail
 49012 | Snake:3  | Identified the cursed +0 ring mail "Qoroept" {Regen+ MP+9} (You found it on level 3 of the Snake Pit)
 49603 | Snake:2  | Upgraded the game from 0.17-a0-1409-ge6d9485 to 0.17-a0-1411-g06ff558
 50087 | Snake:2  | Reached XP level 17. HP: 35/99 MP: 35/38
 50731 | Shoals:1 | Entered Level 1 of the Shoals
 50967 | Shoals:1 | Found Civev's Weapon Boutique.
 51185 | Shoals:1 | Identified a scroll of acquirement
 51193 | Shoals:1 | Identified a +0 pair of boots of running (You acquired it on level 1 of the Shoals)
 51218 | Shoals:1 | Learned a level 1 spell: Animate Skeleton
 51520 | Lair:1   | Learned a level 2 spell: Shroud of Golubria
 51641 | Lair:6   | Received a gift from Sif Muna
 51642 | Lair:6   | Identified Potseis's Papyrus of Assistive Conjuration (Sif Muna gifted it to you on level 6 of the Lair of Beasts)
 51833 | Shoals:1 | Noticed Roxanne
 51898 | Shoals:1 | Killed Roxanne
 51901 | Shoals:1 | Identified Roxanne's Almanac of Moulding (You took it off Roxanne on level 1 of the Shoals)
 52604 | Shoals:2 | Reached skill level 15 in Conjurations
 52724 | Shoals:2 | Noticed Aizul
 52730 | Shoals:2 | Killed Aizul
 52830 | Shoals:3 | Reached skill level 1 in Summonings
 53286 | Shoals:3 | Reached skill level 17 in Spellcasting
 53770 | Shoals:4 | Entered Level 4 of the Shoals
 54253 | Shoals:2 | Your ally Aizul died
 54462 | Shoals:4 | Noticed Polyphemus
 54667 | Shoals:3 | Upgraded the game from 0.17-a0-1411-g06ff558 to 0.17-a0-1421-g95311d7
 55124 | Shoals:4 | Received a gift from Sif Muna
 55125 | Shoals:4 | Identified Sif Muna's Papyrus of Analysis (Sif Muna gifted it to you on level 4 of the Shoals)
 55223 | Shoals:4 | Noticed Ilsuiw
 55262 | Shoals:4 | Killed Ilsuiw
 55471 | Shoals:4 | Your ally Ilsuiw died
 55494 | Shoals:4 | Got an iridescent morningstar
 55495 | Shoals:4 | Identified the +2 morningstar of True Grit {crush, *Confuse rF+ MP+9 Dex+2} (You found it on level 4 of the Shoals)
 56424 | Shoals:4 | Reached skill level 1 in Evocations
 56486 | Shoals:4 | Got a barnacled rune of Zot
 56698 | Shoals:4 | Reached XP level 18. HP: 106/106 MP: 31/40
 57017 | Lair:4   | Learned a level 3 spell: Portal Projectile
 57096 | Snake:4  | Entered Level 4 of the Snake Pit
 57125 | Snake:4  | Found Mokeol's Distillery.
 57152 | Snake:4  | Found a sacrificial altar of Ru.
 58005 | Snake:4  | Noticed Vashnia
 58320 | Snake:4  | Reached skill level 15 in Bows
 58636 | Snake:4  | Reached skill level 18 in Spellcasting
 58701 | Snake:4  | Noticed Norris
 60015 | Snake:4  | Received a gift from Sif Muna
 60022 | Snake:4  | Identified Fasaleon's Disquisition on Attacks (Sif Muna gifted it to you on level 4 of the Snake Pit)
 60296 | Snake:4  | Killed Norris
 60512 | Snake:4  | Your ally Norris died
 60692 | Snake:4  | Got a serpentine rune of Zot
 60761 | Snake:4  | Killed Vashnia
 60761 | Snake:4  | Reached skill level 10 in Translocations
 61193 | D:12     | Reached XP level 19. HP: 110/110 MP: 42/42
 61225 | D:12     | Noticed Sonja
 61305 | D:12     | Killed Sonja
 61543 | D:12     | Got a distressingly furry leather armour
 61544 | D:12     | Identified the +2 leather armour of Love and Death {Regen+ SInv} (You found it on level 12 of the Dungeon)
 62363 | D:13     | Reached XP level 20. HP: 91/117 MP: 43/43
 62794 | D:13     | Noticed Urug
 62813 | D:13     | Killed Urug
 63082 | Orc:4    | Bought a slimy glaive for 276 gold pieces
 63082 | Orc:4    | Identified the +4 glaive "Tudghalu" {pain, rPois} (You bought it in a shop on level 4 of the Orcish Mines)
 63256 | D:13     | Your ally Urug died
 63727 | D:14     | You fall through a shaft!
 63727 | D:15     | Entered Level 15 of the Dungeon
 63766 | D:15     | Found a labyrinth entrance.
 63809 | Lab      | Entered a labyrinth
 64040 | Lab      | Got a jewelled long sword
 64044 | Lab      | Got a pair of distressingly furry boots
 64047 | Lab      | Identified the +2 long sword of Nuimiuff {slice, *Noise rElec Str+4 Int+4} (You took it off a minotaur in a labyrinth)
 64048 | Lab      | Identified the -2 pair of boots "Gag Rij" {rF- MR+ Dex+5} (You found it in a labyrinth)
 64202 | D:15     | Noticed Rupert
 64245 | D:15     | Killed Rupert
 64245 | D:15     | Reached skill level 1 in Necromancy
 64468 | D:15     | Found a staircase to the Depths.
 64490 | D:15     | Noticed Nessos
 64524 | D:15     | Killed Nessos
 64581 | D:15     | Received a gift from Sif Muna
 64583 | D:15     | Identified Sif Muna's Collected Works on Arcane Weapons (Sif Muna gifted it to you on level 15 of the Dungeon)
 64872 | D:14     | Upgraded the game from 0.17-a0-1421-g95311d7 to 0.17-a0-1430-g49fde19
 65380 | D:14     | Reached skill level 1 in Armour
 65634 | D:14     | Found a gate to the Vaults.
 65795 | Vaults:1 | Entered Level 1 of the Vaults
 65837 | Vaults:1 | Noticed Wiglaf
 65848 | Vaults:1 | Killed Wiglaf
 66082 | Vaults:1 | Your ally Wiglaf died
 66742 | Vaults:1 | Reached skill level 19 in Spellcasting
 67394 | Vaults:1 | Got a faintly humming helmet
 67395 | Vaults:1 | Identified the cursed +0 helmet of the Exiled Orbs {MR+ Regen+} (You found it on level 1 of the Vaults)
 67986 | Vaults:2 | Received a gift from Sif Muna
 67987 | Vaults:2 | Identified Sif Muna's Disquisition on Vitriolic Blows and Bruises (Sif Muna gifted it to you on level 2 of the Vaults)
 68892 | Vaults:2 | Found Feewir's General Store.
 69149 | Vaults:2 | Reached XP level 21. HP: 122/122 MP: 43/45
 69533 | Vaults:2 | Found a staircase to the Crypt.
 69738 | Vaults:3 | Found Zycrump's Jewellery Shoppe.
 69743 | Vaults:3 | Found Zosuz's Armour Shop.
 69752 | Vaults:3 | Bought the amulet "Ucraich" {Ward rF+ rN+} for 551 gold pieces
 69763 | Vaults:3 | Found Zabass's Food Shop.
 69862 | Vaults:3 | Found Weuseh's Antique Armour Emporium.
 69867 | Vaults:3 | Bought a transparent robe for 216 gold pieces
 69877 | Vaults:3 | Identified the cursed +0 robe of Mirth {*Corrode rF+ rCorr Int-5} (You bought it in a shop on level 3 of the Vaults)
 70519 | Lair:1   | Learned a level 5 spell: Summon Forest
 70977 | Vaults:3 | Received a gift from Sif Muna
 70979 | Vaults:3 | Identified Sif Muna's Collected Works on Blistering Conjuration (Sif Muna gifted it to you on level 3 of the Vaults)
 71192 | Vaults:3 | Found Zuesch's Book Boutique.
 71438 | Vaults:3 | Reached skill level 20 in Spellcasting
 73494 | Elf:2    | Noticed a deep elf blademaster
 73510 | Elf:2    | Killed a deep elf blademaster
 73864 | Elf:3    | Entered Level 3 of the Elven Halls
 73909 | Elf:3    | Noticed Saint Roka
 74114 | Elf:2    | Killed Saint Roka
 74114 | Elf:2    | Received a gift from Sif Muna
 74197 | Elf:3    | Upgraded the game from 0.17-a0-1430-g49fde19 to 0.17-a0-1435-geafbe2f
 74811 | Elf:3    | Reached XP level 22. HP: 128/128 MP: 22/47
 74962 | Elf:3    | Got a fine bronze ring
 74976 | Elf:3    | Identified the ring of Brilliance {rC+ rN+} (You took it off a deep elf annihilator on level 3 of the Elven Halls)
 75429 | Elf:3    | Got a colourful robe
 75430 | Elf:3    | Identified the +3 robe of Idealism {rPois Dex+3} (You took it off a deep elf annihilator on level 3 of the Elven Halls)
 75514 | Elf:3    | Learned a level 6 spell: Dispersal
 75524 | Elf:3    | Got an ancient shortbow
 75525 | Elf:3    | Identified the +7 shortbow of the Owl {venom, MP+9} (You found it on level 3 of the Elven Halls)
 75638 | Elf:2    | Your ally Saint Roka died
 75888 | Vaults:1 | Reached skill level 5 in Fighting
 76092 | Vaults:4 | Noticed Jory
 76216 | Vaults:4 | Killed Jory
 76786 | Vaults:4 | Found a glowing silver altar of Zin.
 76878 | Vaults:4 | Reached skill level 10 in Fighting
 77740 | Vaults:4 | Noticed Jorgrun
 77745 | Vaults:4 | Killed Jorgrun
 77926 | Vaults:4 | Your ally Jorgrun died
 78157 | Vaults:4 | Gained mutation: Your mind is acute. (Int +2) [potion of beneficial mutation]
 78422 | Depths:1 | Entered Level 1 of the Depths
 78802 | Depths:1 | Found a one-way gate leading to the halls of Pandemonium.
 78902 | Depths:1 | Found a one-way gate to the infinite horrors of the Abyss.
 79704 | Lair:1   | Learned a level 3 spell: Recall
 80400 | Depths:2 | Reached skill level 21 in Bows
 80438 | Depths:2 | Found a gateway to a ziggurat.
 80679 | Depths:2 | Reached XP level 23. HP: 159/159 MP: 36/48
 80741 | Depths:2 | Reached skill level 22 in Bows
 80830 | Depths:2 | Reached skill level 23 in Bows
 81219 | Depths:2 | HP: 3/159 [spriggan air mage/the air[a spriggan defender] (24)]
 81688 | Depths:2 | Mangled by a vampire knight

Vault maps used:
D:1:      dpeg_arrival_tiny_k
D:2:      nicolae_overflow_crystal_walls, minivault_19, uniq_sigmund
D:4:      serial_shops, nicolae_shop_stone, shop
D:5:      first_bread
D:6:      portal_sewer_entry_d, uniq_edmund, uniq_eustachio
D:7:      minmay_temple_entry_glassed_door, grunt_livestock, uniq_pikel,
          uniq_prince_ribbit1, uniq_joseph, uniq_menkaure
D:8:      vehumet_altar_wand_db, basic_altar
D:9:      makhleb_altar_promises_db, uniq_maurice
D:10:     zombieorc1_lemuel, basic_altar
D:11:     minmay_lair_entry_grove, uniq_harold, uniq_psyche
D:12:     minmay_wavy_crystal, uniq_sonja
D:13:     kennysheep_cross_room, kennysheep_four_rooms, uniq_urug
D:14:     hangedman_vaults_entry_quadrant_bands, minmay_staircase_windowed_small
D:15:     grunt_enter_depths_giant_problem, lab_entry_generic, serial_glass,
          glass_columns_c, glass_columns_a, hangedman_decor_lopped, uniq_rupert,
          uniq_nessos
Temple:   lightli_temple_of_artemis
Lair:1:   basic_altar, serial_bayou_crossing
Lair:2:   minivault_26
Lair:3:   lemuel_fruit_tree
Lair:4:   guppyfry_snake_entry_garden, bh_chokoban
Lair:6:   minmay_shoals_entry_lonely_mermaid, dpeg_slime_entry_corner,
          zaba_anthell
Lair:7:   grunt_megastairs_4
Lair:8:   evil_forest, grunt_megastairs_2
Shoals:1: serial_shops, nicolae_shop_waterfront, uniq_roxanne
Shoals:2: uniq_aizul
Shoals:4: shoals_end_hangedman, shoals_ilsuiw_alternative, uniq_polyphemus
Snake:2:  uniq_frances
Snake:3:  serial_bayou_shore_b
Snake:4:  grunt_snake_rune_serpentine_throne, basic_altar, serial_shops, shop,
          guppyfry_snake_island, uniq_vashnia, uniq_norris
Orc:2:    mines2_david
Orc:3:    basic_altar, nicolae_orc_pool_cavern
Orc:4:    st_orc_town, serial_shops, nicolae_shop_waterfront,
          nicolae_orc_lava_tube, uniq_maud
Elf:1:    eino_elf_arrival_customs, mu_enter_wizlab_7,
          minmay_elf_crystal_hexagon, minivault_28
Elf:2:    serial_shops, shop, patterned_corridor, uniq_donald
Elf:3:    minmay_elf_hall_dome, uniq_saint_roka
Vaults:1: v_misc_16, nicolae_vaults_rhombus_5, hangedman_vaults_locks,
          vaults_dpeg_hooks, dpeg_vaults_monster_row, vaults_mumra_chevron,
          hangedman_vaults_stagger, ontoclasm_vaults_ring_large,
          nicolae_vaults_little_squares_3, hangedman_vaults_capsules,
          v_alt_pattern_2, nicolae_vaults_border_crossing,
          ontoclasm_vaults_decontamination, vaults_room_stairs_pillars,
          uniq_wiglaf
Vaults:2: grunt_vaults_trifunnel, nicolae_vaults_display_case, v_misc_10,
          hangedman_vaults_cutoff, nicolae_vaults_little_squares_2, v_misc_25,
          vaults_mumra_minichess, nicolae_vaults_little_squares_3,
          minmay_crypt_entry_skeletal_spiral, v_misc_23, v_misc_13, v_misc_26,
          vaults_dpeg_diagonal, grunt_vaults_hallway_long,
          nicolae_vaults_disjoint_gnomons, serial_shops, shop
Vaults:3: ontoclasm_vaults_bender, hangedman_vaults_trim, hangedman_vaults_trim,
          hangedman_vaults_stream, nicolae_vaults_an_arrangement, v_pattern_3,
          v_alt_pattern_2, grunt_vaults_funnel, ontoclasm_vaults_tryst,
          hangedman_vaults_stretched_pinwheel, v_misc_25, vaults_room_hallway,
          ontoclasm_vaults_misaligned, vaults_room_pools,
          nicolae_vaults_ring_of_whatevers, serial_shops, shop,
          nicolae_shop_crystal, nicolae_shop_statue_plus,
          nicolae_shop_competitors_out_of_business, shop
Vaults:4: v_alt_pattern_1, ontoclasm_vaults_ring_small, v_pattern_1, v_misc_19,
          nicolae_vaults_sealed_display, nicolae_vaults_little_squares_6,
          vaults_standard_mumra_x, vaults_room_stairs_pillars,
          vaults_room_pools, vaults_mumra_minichess_inversion, basic_altar,
          uniq_jorgrun, uniq_jory
Depths:1: abyss_entry, hell_entry, kennysheep_minor_cross,
          rand_demon_pan_entry_7, kennysheep_generic_room_12
Depths:2: grunt_runaround, pan_entry, hell_entry, uniq_nikola
Lab:      labyrinth_spiral, nicolae_lab_grate
Sewer:    sewer_co_scattered_pipes
WizLab:   wizlab_cigotuvi

Action                   |  1- 3 |  4- 6 |  7- 9 | 10-12 | 13-15 | 16-18 | 19-21 | 22-24 || total
-------------------------+-------+-------+-------+-------+-------+-------+-------+-------++-------
Melee: Dagger            |     4 |    24 |       |       |       |       |       |       ||    28
       Falchion          |       |    17 |       |       |       |       |       |       ||    17
       Flail             |       |    10 |    52 |   122 |    45 |     6 |       |       ||   235
       Trident           |       |       |       |   142 |   784 |   237 |   487 |    17 ||  1667
 Fire: Blowgun           |       |       |    31 |    24 |     7 |     2 |       |       ||    64
       Shortbow          |       |       |       |       |    30 |  1609 |       |   860 ||  2499
       Longbow           |       |       |       |       |       |    16 |   990 |    85 ||  1091
 Cast: Shock             |    56 |   160 |   315 |  1030 |   896 |    72 |    77 |     4 ||  2610
       Repel Missiles    |     1 |     1 |     1 |     1 |     1 |       |       |       ||     5
       Static Discharge  |       |       |    26 |   117 |    17 |       |       |       ||   160
       Lightning Bolt    |       |       |       |    21 |    49 |     5 |     3 |     1 ||    79
       Swiftness         |       |       |       |     1 |     7 |       |     1 |     2 ||    11
       Force Lance       |       |       |       |       |   203 |   191 |   170 |    51 ||   615
       Iskenderun's Myst |       |       |       |       |   188 |    30 |    13 |     9 ||   240
       Dazzling Spray    |       |       |       |       |   110 |     4 |    10 |       ||   124
       Summon Lightning  |       |       |       |       |     6 |    89 |    86 |    22 ||   203
       Bolt of Draining  |       |       |       |       |    22 |   177 |    85 |    48 ||   332
       Phase Shift       |       |       |       |       |     3 |    56 |    37 |     6 ||   102
       Deflect Missiles  |       |       |       |       |     3 |    11 |     7 |     4 ||    25
       Apportation       |       |       |       |       |     1 |     6 |       |       ||     7
       Mephitic Cloud    |       |       |       |       |       |   120 |   160 |    45 ||   325
       Animate Skeleton  |       |       |       |       |       |   114 |   176 |    65 ||   355
       Regeneration      |       |       |       |       |       |    35 |    18 |     9 ||    62
       Shroud of Golubri |       |       |       |       |       |    32 |    39 |     8 ||    79
       Portal Projectile |       |       |       |       |       |    14 |    27 |    30 ||    71
       Summon Forest     |       |       |       |       |       |       |     3 |     1 ||     4
       Recall            |       |       |       |       |       |       |       |     1 ||     1
       Dispersal         |       |       |       |       |       |       |       |     3 ||     3
Invok: Channel Energy    |       |       |       |   190 |   316 |   521 |   586 |   231 ||  1844
       Forget Spell      |       |       |       |       |       |       |       |     1 ||     1
 Abil: Evoke Flight      |       |       |     2 |       |       |    12 |       |       ||    14
Evoke: Wand              |       |       |     1 |     1 |       |    11 |     5 |     1 ||    19
       Phial of floods   |       |       |       |       |       |     3 |     2 |       ||     5
       Fan of gales      |       |       |       |       |       |     3 |       |       ||     3
  Use: Scroll            |       |     6 |     6 |    14 |     7 |    28 |    17 |     8 ||    86
       Potion            |       |     1 |       |     7 |     4 |     8 |     3 |     7 ||    30
 Stab: Sleeping          |       |     2 |     1 |     5 |    11 |     1 |     9 |       ||    29
       Invisible         |       |       |       |     3 |    23 |       |       |       ||    26
       Distracted        |       |       |       |       |     4 |     6 |    13 |     1 ||    24
       Confused          |       |       |       |       |       |    16 |    44 |       ||    60
  Eat: Chunk             |     1 |    12 |    18 |    65 |   104 |   109 |   120 |    54 ||   483
       Royal jelly       |       |       |       |     1 |       |       |       |       ||     1
       Beef jerky        |       |       |       |     1 |     1 |     2 |       |       ||     4
       Fruit             |       |       |       |       |     1 |     4 |       |       ||     5
       Pizza             |       |       |       |       |     3 |     4 |       |       ||     7
       Meat ration       |       |       |       |       |       |     3 |     1 |       ||     4
       Bread ration      |       |       |       |       |       |     1 |       |       ||     1
